 Dungeon Crawl Stone Soup version 0.28.0-49-g6dfe1f597d (webtiles) character file.

Game seed: 1646576193657788027

209 greasedhog the Shield-Bearer (level 6, -2/47 HPs)
             Began as a Formicid Fighter on May 17, 2022.
             Slain by a hornet zombie (7 damage)
             ... on level 6 of the Dungeon.
             The game lasted 00:04:35 (3522 turns).

greasedhog the Shield-Bearer (Formicid Fighter)     Turns: 3522, Time: 00:04:36

Health: -2/47      AC:  9    Str: 23    XL:     6   Next: 12%
Magic:  6/6        EV:  7    Int:  7    God:
Gold:   127        SH:  5    Dex: 10    Spells: 5/5 levels left

rFire   . . .      SeeInvis +   a - +0 long sword
rCold   . . .      Faith    .   c - +0 buckler
rNeg    . . .      Spirit   .   j - +0 chain mail
rPois   .          Reflect  .   (helmet unavailable)
rElec   .          Harm     .   k - scarf {+Inv}
rCorr   .          Rampage  .   (no gloves)
Will    .....                   (no boots)
Stlth   ..........              (no amulet)
HPRegen 0.15/turn               (no ring)
MPRegen 0.10/turn               (no ring)

@: mighty
A: permanent stasis, dig shafts and tunnels, antennae 3, four strong arms
a: Dig, Shaft Self, Evoke Invisibility


You were on level 6 of the Dungeon.
You visited 1 branch of the dungeon, and saw 5 of its levels.

You collected 127 gold pieces.

Inventory:

Hand Weapons
 a - a +0 long sword (weapon)
 o - a +0 rapier
Armour
 c - a +0 buckler (worn)
 j - a +0 chain mail (worn)
 k - a scarf of invisibility (worn)
Jewellery
 l - a ring of protection from fire
Scrolls
 e - a scroll of identify
 i - a scroll of silence
 p - 3 scrolls of teleportation {unknown}
Potions
 b - a potion of haste {unknown}
 f - a potion of cancellation {unknown}
 g - a potion of ambrosia
 h - 4 potions of curing
 m - a potion of mutation {unknown}
 n - a potion of brilliance {unknown}


   Skills:
 - Level 3.2 Fighting
 * Level 4.9 Long Blades
 - Level 3.2 Armour
 - Level 5.0 Shields
 * Level 1.3 Evocations


You had 5 spell levels left.
You didn't know any spells.
Your spell library contained the following spells:

 Spells                   Type           Power      Damage    Failure   Level
 Sandblast                Erth           0%         2d4       99%         1


Dungeon Overview and Level Annotations

Branches:
Dungeon (4/15)
 Temple: D:4-7

Altars:
Yredelemnul

Shops:
D:1 ?


Innate Abilities, Weirdness & Mutations

You cannot be hasted, slowed, berserked, paralysed or teleported.
You can dig through walls and to a lower floor.
You have a pair of large antennae on your head. (SInv)
Your four strong arms can wield two-handed weapons with a shield.


Message History

You fall into a shaft and drop 2 floors!
The shaft crumbles and collapses.
You open the door.
A hornet zombie comes into view.
The hornet zombie hits you. x2
There is an open door here.
You hit the hornet zombie but do no damage.
The hornet zombie hits you.
You closely miss the hornet zombie. The hornet zombie hits you!
You block the hornet zombie's attack.
You hit the hornet zombie.
The hornet zombie is lightly damaged.
The hornet zombie hits you!
You barely miss the hornet zombie.
The hornet zombie is lightly damaged.
The hornet zombie hits you.
The hornet zombie hits you but does no damage.
You hit the hornet zombie but do no damage.
The hornet zombie is lightly damaged.
The hornet zombie hits you.
You feel very mighty all of a sudden. The hornet zombie hits you.
* * * LOW HITPOINT WARNING * * *
The hornet zombie hits you but does no damage.
You completely miss the hornet zombie.
The hornet zombie is lightly damaged.
The hornet zombie hits you but does no damage.
You slash the hornet zombie!
The hornet zombie is moderately damaged.
The hornet zombie hits you.
* * * LOW HITPOINT WARNING * * *
The hornet zombie closely misses you.
You closely miss the hornet zombie.
The hornet zombie is moderately damaged.
The hornet zombie hits you.
* * * LOW HITPOINT WARNING * * *
You barely miss the hornet zombie.
The hornet zombie is moderately damaged.
The hornet zombie hits you!
You die...

##### +...+
###...###
#.......#
#@#...#+#
#....Z#...#
+.....##+##
#.....#
###.#+# +.
##


You could see a hornet zombie.

Vanquished Creatures
  A jelly (D:4)
  A hound zombie (D:3)
  3 gnolls (D:2)
  5 adders
  An adder zombie (D:3)
  2 worms
  2 dart slugs (D:2)
  7 endoplasms
  3 giant cockroaches
  5 goblins
  5 hobgoblins
  9 jackals
  7 kobolds
  5 quokkas
  6 ball pythons
  5 bats
  3 frilled lizards
  11 rats
81 creatures vanquished.

Notes
Turn   | Place    | Note
-------+----------+-------------------------------------------
     0 | D:1      | greasedhog the Formicid Fighter began the quest for the
                  | Orb.
     0 | D:1      | Reached XP level 1. HP: 18/18 MP: 1/1
   185 | D:1      | Reached skill level 4 in Shields
   240 | D:1      | Reached XP level 2. HP: 23/24 MP: 2/2
   305 | D:1      | Found Vaschifa's Magic Scroll Shoppe.
   607 | D:1      | Found a faded altar of an unknown god.
   612 | D:1      | Got Plato's Grimoire of Stones
  1083 | D:2      | Reached XP level 3. HP: 28/29 MP: 3/3
  1942 | D:2      | Reached XP level 4. HP: 35/35 MP: 4/4
  2359 | D:2      | Reached XP level 5. HP: 36/41 MP: 5/5
  2363 | D:2      | Reached skill level 1 in Evocations
  2934 | D:3      | Reached skill level 5 in Shields
  2981 | D:3      | Found a basalt altar of Yredelemnul.
  3271 | D:4      | Reached XP level 6. HP: 47/47 MP: 6/6
  3508 | D:4      | You fall into a shaft and drop 2 floors!
  3522 | D:6      | Slain by a hornet zombie

Illustrated notes

Levels and vault maps discovered:
D:1:      lightli_arrival_statue_moat, layout_loops_ring, serial_shops,
          shop_statue, shapermc_ecumenical_altar_rom_forum
D:2:      minmay_razor_zed, layout_basic, nicolae_concentric_dashed_squares_wild
D:3:      layout_rooms, lemuel_zombie_altar_yredelemnul, grunt_decor_clamped
D:4:      layout_loops_ring, grunt_decor_resistance
D:6:      nicolae_cairo_tiling_large, layout_basic, nicolae_gozag_seed_capital,
          mainiacjoe_overflow_catwalk, minmay_temple_entry_grid, serial_shops,
          nicolae_shop_trees, uniq_maggie, uniq_grinder

Skill      XL: |  1  2  3  4  5 |
---------------+----------------+-----
Shields        | 4 5 |  5.0
Long Blades    | 3 4 |  4.9
Evocations     | 1 |  1.3
Fighting       | |  3.2
Armour         | |  3.2

Action                   |  1- 3 |  4- 6 || total
-------------------------+-------+-------++-------
Melee: Long sword        |   102 |   171 ||   273
 Abil: Shaft Self        |       |     1 ||     1
  Use: Scroll            |     1 |     3 ||     4
       Potion            |       |     1 ||     1
Armor: Scale mail        |    27 |       ||    27
       Chain mail        |    26 |    99 ||   125
Dodge: Dodged            |    32 |    53 ||    85
Block: Buckler           |    22 |    42 ||    64
